AoeStats
← SnK | YSYSMOOO

Black Forest

506704461Analyzed
4v4 RM · 19d ago on Sep 14, 2026· 102m 31s· 8 players
Game mode
Random Map
Map size
Large (8 player)
Population
200
Speed
Normal
Resources
Standard
Victory
Conquest
Starting age
Dark Age
Ending age
Imperial Age
RankedLock teamsTeams togetherTeam positionsShared explorationLock speedFull tech treeHidden civsTurbo modeCheats
Victory
Defeat
🇩🇪 Mongols · Germany
1317
+16
🇩🇪 Berbers · Germany
1308
+16
🇩🇪 Bohemians · Germany
1283
+17
🇩🇪 Byzantines · Germany
1229
+18
🇦🇷 Franks · Argentina
1671
-29
🇦🇷 Magyars · Argentina
1351
-20
🇦🇷 Khmer · Argentina
1139
-10
🇦🇷 Spanish · Argentina
1065
-8
[CU] MatthiasKF
1:58 Loom
14:04 Feudal Age
15:35 Wheelbarrow
14:47 Double-Bit Axe
19:07 Castle Age
19:51 Forging
19:46 Scale Barding Armor
26:48 Bow Saw
29:27 Horse Collar
30:56 Caravan
31:44 Hand Cart
35:43 Imperial Age
33:01 Town Watch
34:33 Fletching
35:41 Bodkin Arrow
36:08 Ballistics
36:45 Drill
35:48 Onager
36:11 Elite Mangudai
37:06 Gold Mining
37:06 Stone Mining
38:14 Siege Onager
39:26 Siege Engineers
39:47 Capped Ram
41:57 Chemistry
41:46 Coinage
42:04 Town Patrol
42:41 Iron Casting
42:06 Scale Mail Armor
42:27 Chain Barding Armor
42:07 Padded Archer Armor
42:08 Bracer
42:57 Banking
46:37 Blast Furnace
45:53 Chain Mail Armor
45:51 Masonry
45:36 Murder Holes
45:52 Fortified Wall
46:04 Conscription
46:25 Nomads
45:45 Elite Mangudai
48:18 Leather Archer Armor
48:14 Guard Tower
49:19 Bloodlines
49:10 Husbandry
48:30 Light Cavalry
48:31 Cavalier
48:31 Heavy Camel Rider
48:31 Elite Steppe Lancer
49:13 Hussar
49:55 Heavy Scorpion
54:47 Siege Ram
56:11 Plate Mail Armor
68:50 Thumb Ring
68:06 Crossbowman
69:11 Parthian Tactics
68:08 Elite Genitour
68:52 Heavy Plow
74:35 Hoardings
73:31 Sappers
76:24 Arbalester
76:25 Elite Skirmisher
76:25 Heavy Cavalry Archer
Scorpison
0:49 Loom
17:02 Feudal Age
18:16 Town Watch
19:47 Double-Bit Axe
22:08 Castle Age
21:28 Horse Collar
23:58 Bow Saw
32:58 Heavy Plow
36:59 Imperial Age
34:45 Scale Barding Armor
35:01 Husbandry
35:12 Bloodlines
36:21 Chain Barding Armor
38:14 Plate Barding Armor
37:01 Heavy Camel Rider
37:58 Forging
38:12 Conscription
38:08 Maghrebi Camels
38:55 Conscription
41:36 Gold Mining
42:20 Caravan
42:17 Cavalier
50:42 Iron Casting
52:44 Conscription
53:00 Hoardings
52:24 Fletching
52:19 Light Cavalry
58:56 Elite Camel Archer
59:58 Bodkin Arrow
60:03 Padded Archer Armor
61:44 Bracer
62:14 Ballistics
62:55 Chemistry
62:49 Kasbah
65:00 Leather Archer Armor
66:07 Crop Rotation
65:16 Hussar
69:45 Thumb Ring
91:36 Wheelbarrow
91:01 Town Patrol
98:19 Ring Archer Armor
98:49 Blast Furnace
98:00 Siege Engineers
Julian X!
12:36 Feudal Age
16:44 Castle Age
14:40 Double-Bit Axe
18:32 Wheelbarrow
18:10 Bow Saw
18:25 Town Watch
18:38 Horse Collar
23:48 Hand Cart
28:03 Heavy Plow
27:50 Pikeman
28:31 Squires
32:32 Imperial Age
29:49 Loom
30:15 Scale Barding Armor
30:20 Forging
30:15 Scale Mail Armor
30:26 Forging
31:21 Chain Mail Armor
31:31 Wagenburg Tactics
32:21 Iron Casting
34:14 Two-Man Saw
32:36 Halberdier
34:22 Chemistry
33:26 Padded Archer Armor
33:56 Plate Mail Armor
33:29 Padded Archer Armor
33:40 Caravan
35:20 Conscription
36:12 Leather Archer Armor
36:58 Blast Furnace
35:32 Elite Hussite Wagon
35:51 Elite Genitour
37:34 Ring Archer Armor
39:46 Ballistics
39:35 Houfnice
49:33 Fletching
65:05 Bodkin Arrow
76:33 Bracer
76:39 Scale Barding Armor
[GER]MadMaXX
0:33 Loom
12:43 Feudal Age
16:12 Double-Bit Axe
16:45 Horse Collar
19:36 Castle Age
19:54 Wheelbarrow
20:56 Bow Saw
23:24 Hand Cart
29:33 Fortified Wall
31:10 Scale Barding Armor
31:15 Forging
34:33 Imperial Age
33:46 Fletching
33:56 Padded Archer Armor
34:18 Chain Barding Armor
34:46 Elite Genitour
35:47 Leather Archer Armor
35:28 Bodkin Arrow
36:09 Iron Casting
37:11 Chemistry
36:40 Ballistics
38:20 Two-Man Saw
38:24 Coinage
38:50 Conscription
39:37 Bombard Tower
41:17 Caravan
42:53 Heavy Camel Rider
43:33 Husbandry
42:57 Pikeman
43:37 Squires
44:03 Heavy Plow
45:49 Plate Barding Armor
45:44 Ring Archer Armor
45:17 Bracer
46:04 Crop Rotation
45:00 Halberdier
48:42 Logistica
47:53 Elite Cataphract
49:11 Hoardings
51:27 Scale Mail Armor
66:21 Chain Mail Armor
71:48 Light Cavalry
75:09 Hussar
SnK MaTyYkai9z
0:42 Loom
13:40 Feudal Age
18:29 Castle Age
16:20 Double-Bit Axe
20:39 Horse Collar
22:12 Bow Saw
22:56 Wheelbarrow
23:03 Gold Mining
24:50 Hand Cart
25:47 Stone Mining
32:26 Heavy Plow
36:49 Imperial Age
36:14 Fletching
36:27 Padded Archer Armor
37:00 Forging
37:13 Elite Conquistador
37:22 Elite Conquistador
38:25 Conscription
38:18 Scale Barding Armor
38:29 Leather Archer Armor
39:44 Iron Casting
39:07 Bodkin Arrow
39:13 Scale Mail Armor
39:30 Inquisition
40:22 Ballistics
41:03 Chemistry
40:02 Murder Holes
40:48 Chain Barding Armor
40:59 Ring Archer Armor
42:04 Hoardings
43:07 Blast Furnace
42:08 Bracer
43:22 Two-Man Saw
43:01 Supremacy
44:14 Plate Barding Armor
43:55 Chain Mail Armor
43:05 Capped Ram
44:22 Siege Ram
44:25 Onager
46:14 Stone Shaft Mining
47:43 Squires
47:29 Arson
47:07 Pikeman
47:35 Gambesons
49:40 Siphons
49:56 Bombard Tower
50:50 Halberdier
57:58 Plate Mail Armor
59:07 Fortified Wall
64:01 Bloodlines
63:54 Husbandry
64:31 Light Cavalry
64:33 Cavalier
69:09 Hussar
SnK | YSYSMOOO
0:51 Loom
15:15 Feudal Age
16:42 Double-Bit Axe
18:59 Castle Age
19:53 Bow Saw
23:40 Gold Mining
25:01 Wheelbarrow
24:20 Town Watch
29:58 Imperial Age
29:39 Padded Archer Armor
31:00 Ballistics
30:33 Stone Mining
31:51 Chemistry
31:09 Hand Cart
31:49 Leather Archer Armor
34:21 Caravan
35:08 Fletching
35:40 Ballistics
37:26 Siege Engineers
37:22 Bodkin Arrow
37:56 Conscription
38:02 Forging
38:13 Scale Barding Armor
39:30 Iron Casting
38:17 Light Cavalry
38:57 Husbandry
39:46 Masonry
40:00 Chain Barding Armor
39:44 Crossbowman
40:28 Pikeman
41:08 Squires
41:08 Scale Mail Armor
42:09 Blast Furnace
41:48 Architecture
41:57 Hoardings
42:53 Plate Barding Armor
43:17 Chain Mail Armor
42:36 Halberdier
43:46 Guard Tower
43:42 Arrowslits
45:25 Plate Mail Armor
48:28 Coinage
49:21 Onager
50:46 Capped Ram
57:51 Arrowslits
59:33 Chivalry
60:46 Banking
61:59 Murder Holes
63:59 Gambesons
93:58 Cavalier
Trueno
9:45 Feudal Age
10:26 Double-Bit Axe
10:24 Horse Collar
13:18 Loom
16:03 Castle Age
15:32 Stone Mining
19:33 Bow Saw
21:57 Wheelbarrow
22:36 Loom
27:50 Hand Cart
31:30 Imperial Age
28:47 Town Watch
29:53 Town Patrol
32:26 Ballistics
31:40 Elite Ballista Elephant
32:41 Conscription
32:23 Double Crossbow
34:03 Heavy Plow
36:01 Crop Rotation
38:48 Chemistry
41:55 Forging
41:53 Scale Barding Armor
41:48 Padded Archer Armor
41:55 Padded Archer Armor
44:30 Forging
44:26 Scale Barding Armor
44:37 Leather Archer Armor
44:58 Elite Battle Elephant
45:55 Tusk Swords
52:47 Iron Casting
52:32 Chain Barding Armor
52:25 Husbandry
52:36 Bloodlines
51:46 Light Cavalry
52:57 Hussar
55:22 Blast Furnace
67:45 Ring Archer Armor
67:53 Plate Barding Armor
79:52 Cavalier
SnK SaiTaN0
10:55 Feudal Age
14:26 Castle Age
13:09 Double-Bit Axe
13:26 Horse Collar
16:30 Bow Saw
22:49 Wheelbarrow
22:54 Heavy Plow
24:09 Hand Cart
28:31 Imperial Age
26:30 Fletching
26:40 Padded Archer Armor
26:52 Gold Mining
27:24 Bodkin Arrow
27:16 Loom
27:17 Town Watch
28:12 Padded Archer Armor
28:37 Heavy Cavalry Archer
29:23 Thumb Ring
29:44 Parthian Tactics
30:54 Two-Man Saw
31:00 Bracer
31:15 Leather Archer Armor
32:21 Ballistics
33:01 Chemistry
32:34 Conscription
32:26 Recurve Bow
33:10 Crop Rotation
33:19 Gold Shaft Mining
32:34 Stone Mining
33:34 Ring Archer Armor
33:17 Husbandry
33:28 Bloodlines
37:17 Caravan
41:35 Scale Barding Armor
42:30 Cavalier
43:55 Chain Barding Armor
43:50 Paladin
45:13 Plate Barding Armor
94:18 Capped Ram
100:56 Pikeman
Connection lost

Rejoining the realm…

Still unreachable

The connection could not be restored.

Session expired

The server has moved on; the page needs a fresh start.